 Dungeon Sprint DCSS version 0.31-a0-986-g5e6e4ef867 (webtiles) character file.

Game seed: 10527802318341501530

267 dialectric the Unseen (level 6, -13/32 HPs)
             Began as a Spriggan Brigand on Nov 3, 2023.
             Mangled by a neqoxec (14 damage)
             ... in the Dungeon (Sprint II: "The Violet Keep of Menkaure").
             The game lasted 00:00:12 (21 turns).

dialectric the Unseen (Spriggan Brigand)              Turns: 21, Time: 00:00:13

Health: -13/32     AC:  3    Str:  7    XL:     6   Next: 0%
Magic:  7/7        EV: 18    Int: 12    God:
Gold:   0          SH:  0    Dex: 19    Spells: 5/5 levels left

rFire   . . .        a - +2 dagger
rCold   . . .        (no shield)
rNeg    . . .        b - +0 robe
rPois   .            (helmet restricted)
rElec   .            c - +0 cloak
rCorr   .            (gloves unavailable)
SInv    +            (boots unavailable)
Will    +....        (no amulet)
Stlth   +++++++      (no ring)
HPRegen 0.25/turn    (no ring)
MPRegen 0.10/turn

%: no teleportation
@: on berserk cooldown, slowed, quick
A: very small, no large weapons, unfitting armour, see invisible, speed 3
a: no special abilities


You were in the Dungeon.
You visited 1 branch

Inventory:

Hand Weapons
 a - a +2 dagger (weapon)
Missiles
 d - 9 poisoned darts (quivered)
 e - 3 curare-tipped darts
Armour
 b - a +0 robe (worn)
 c - a +0 cloak (worn)
Scrolls
 k - a scroll of blinking
Potions
 f - a potion of curing
 g - a potion of heal wounds
 h - a potion of haste
 i - 2 potions of magic


   Skills:
 + Level 3.5 Fighting
 + Level 4.8 Short Blades
 - Level 3.4 Throwing
 + Level 2.7 Dodging
 + Level 16.8 Stealth


You had 5 spell levels left.
You didn't know any spells.
Your spell library was empty.

Dungeon Overview and Level Annotations

Branches:
Dungeon (1/1)

Altars:


Innate Abilities, Weirdness & Mutations

You are very small and have problems with some larger weapons.
You are too small for most types of armour.
You have supernaturally acute eyesight. (SInv)
You cover ground extremely quickly. (Speed+++)


Message History

The neqoxec misses you. The neqoxec gestures at you.
You feel dopey. Something feeds on your intellect!
You hit the neqoxec.
The neqoxec is almost dead.
You closely miss the neqoxec.
The neqoxec is almost dead.
The neqoxec closely misses you.
You puncture the neqoxec!
You kill the neqoxec!
You feel your intelligence returning.
Your Fighting skill increases to level 3!
Your Short Blades skill increases to level 4!
Your Stealth skill gained 3 levels and is now at level 16!
You have reached level 5!
You feel agile.
You have reached level 6!
The neqoxec closely misses you. The neqoxec hits you!
* * * LOW HITPOINT WARNING * * *
There is an open door, spattered with blood here.
You hit the neqoxec.
The neqoxec is moderately wounded.
You closely miss the neqoxec.
The neqoxec is moderately wounded.
The neqoxec hits you.
* * * LOW HITPOINT WARNING * * *
The neqoxec gestures at you.
Something tries to feed on your intellect!
You completely miss the neqoxec.
The neqoxec is moderately wounded.
You barely miss the neqoxec.
The neqoxec is moderately wounded.
You are no longer berserk.
You are exhausted.
You feel yourself slow down. The neqoxec gestures at you.
Something tries to feed on your intellect!
The neqoxec hits you!
You die...

## #+#
#.#
##.##3.#
+.<.@3#
##.##.#
#+# #.#
##


You could see 2 neqoxecs.

Vanquished Creatures
  2 neqoxecs (D)
2 creatures vanquished.

Notes
Turn   | Place    | Note
-------+----------+-------------------------------------------
     0 | D        | dialectric the Spriggan Brigand began the quest for the
                  | Orb.
     0 | D        | Reached XP level 1. HP: 10/10 MP: 2/2
     1 | D        | Noticed a neqoxec
     1 | D        | Noticed a neqoxec
     1 | D        | Noticed a neqoxec
     1 | D        | Noticed a neqoxec
     7 | D        | Killed a neqoxec
     8 | D        | Reached skill level 13 in Stealth
     8 | D        | Reached XP level 2. HP: 16/16 MP: 3/3
     8 | D        | Reached XP level 3. HP: 19/19 MP: 4/4
     8 | D        | Reached XP level 4. HP: 23/23 MP: 5/5
    16 | D        | Killed a neqoxec
    17 | D        | Reached skill level 16 in Stealth
    17 | D        | Reached XP level 5. HP: 14/28 MP: 6/6
    17 | D        | Reached XP level 6. HP: 16/32 MP: 7/7
    19 | D        | HP: 1/48 [neqoxec (3)]
    21 | D        | Mangled by a neqoxec

Illustrated notes

Levels and vault maps discovered:
D:        the_violet_keep_of_menkaure [sprint2_stairs_cluster_1,
          sprint2_shoproom, sprint2_temple, sprint2_basic_supplies,
          sprint2_obstacle_5, sprint2_obstacle_1, sprint2_obstacle_2,
          sprint2_obstacle_6, sprint2_obstacle_4, sprint2_timed_cluster_1,
          sprint2_smallroom_cluster_1, sprint2_smallroom_final_cluster_1,
          sprint2_transparent_cluster_1, sprint2_second_timed_cluster_1,
          sprint2_sniper_area_1, sprint2_heavy_combat_area_1,
          sprint2_mutation_trap_area_1, sprint2_forest_area_1,
          sprint2_light_combat_area_1, sprint2_behind_water_1,
          sprint2_near_end_vault_1]

Skill      XL: |  1  2  3  4 |
---------------+-------------+-----
Fighting       | 2 3 |  3.5
Short Blades   | 3 4 |  4.8
Throwing       | 3 |  3.4
Dodging        | 2 |  2.7
Stealth        | 13 16 | 16.8

Action                     |  1- 3 |  4- 6 || total
---------------------------+-------+-------++-------
  Melee: Dagger            |     5 |    13 ||    18
         Punch             |       |     1 ||     1
    Use: Potion            |     1 |       ||     1
 Armour: Robe              |     2 |     4 ||     6
  Dodge: Dodged            |       |     4 ||     4

Table legend: (Time is in decaauts)
 A = Elapsed time spent in this place.
 B = Non-inter-level travel time spent in this place.
 C = Inter-level travel time spent in this place.
 D = Time resting spent in this place.
 E = Time spent auto-exploring this place.
 F = Levels seen in this place.
 G = Mean time per level.
                   A        B        C        D        E       F      G
               +--------+--------+--------+--------+--------+-----+--------+
         Total |     12 |     12 |      0 |      0 |      0 |   1 |   12.0 |
       Dungeon |     12 |     12 |      0 |      0 |      0 |   1 |   12.0 |
               +--------+--------+--------+--------+--------+-----+--------+

Top non-repeatable levels by time:
       D: 12 daAuts
